 Dungeon Crawl Stone Soup version 0.18-a0-1800-gdc7a371 (webtiles) character file.

94 Murumi the Slasher (level 4, -9/35 HPs)
             Began as a Formicid Abyssal Knight on Apr 24, 2016.
             Was a Believer of Lugonu.
             Mangled by a worm (11 damage)
             ... on level 2 of the Dungeon.
             The game lasted 00:06:09 (2256 turns).

Murumi the Slasher (Formicid Abyssal Knight)        Turns: 2256, Time: 00:06:10

Health: -9/35      AC:  3    Str: 18    XL:     4   Next: 94%
Magic:  6/6        EV: 11    Int: 11    God:    Lugonu [**....]
Gold:   112        SH:  0    Dex: 10    Spells: 0 memorised, 3 levels left

rFire  . . .     SeeInvis +     a - +1 falchion
rCold  . . .     Gourm    .     b - +0 leather armour
rNeg   + + .     Faith    .     (no shield)
rPois  .         Spirit   .     (helmet unavailable)
rElec  .         Dismiss  .     (no cloak)
rCorr  .         Reflect  .     (no gloves)
SustAt .         Harm     .     (no boots)
MR     .....                    (no amulet)
Stlth  +.........               i - ring of positive energy
                                e - ring of positive energy

@: not resistant to hostile enchantments, very unstealthy
A: permanent stasis, dig shafts and tunnels, four strong arms, antennae 3
a: Dig, Shaft Self, Depart the Abyss, Bend Space, Renounce Religion


You were on level 2 of the Dungeon.
You worshipped Lugonu.
Lugonu was pleased with you.
You were not hungry.

You visited 1 branch of the dungeon, and saw 2 of its levels.
You visited the Abyss 1 time.

You collected 112 gold pieces.

Inventory:

Hand Weapons
 a - a +1 falchion (weapon)
Armour
 b - a +0 leather armour (worn)
Jewellery
 d - an uncursed amulet of harm {unknown}
 e - a ring of positive energy (left hand)
 i - a ring of positive energy (right hand)
Scrolls
 f - a scroll of remove curse
Potions
 g - a potion of curing
 k - a potion of brilliance {unknown}
Comestibles
 c - 2 bread rations
 h - 2 meat rations
 j - 2 chunks of flesh


   Skills:
 - Level 3.2 Fighting
 - Level 4.2 Long Blades
 - Level 2.1 Armour
 - Level 1.2 Dodging
 + Level 2.9 Invocations


You had 3 spell levels left.
You didn't know any spells.

Dungeon Overview and Level Annotations

Branches:
Dungeon (2/15)

Altars:
Ashenzari
Fedhas

Annotations:
D:2 exclusion: oklob plant


Innate Abilities, Weirdness & Mutations

You are under a permanent stasis effect.
You can dig through walls and to a lower floor.
Your four strong arms can wield two-handed weapons with a shield.
You have a pair of large antennae on your head (SInv).


Message History

* * * LOW HITPOINT WARNING * * *
You are too injured to fight recklessly!
Drink which item? (? for menu, Esc to quit)
Okay, then.
Okay, then.
You barely miss the worm.
The worm is heavily wounded.
You barely miss the worm.
The worm is heavily wounded.
The worm bites you.
* * * LOW HITPOINT WARNING * * *
You hit the worm.
The worm is heavily wounded.
You hit the worm.
The worm is heavily wounded.
The worm bites you but does no damage.
You hit the worm.
The worm is heavily wounded.
The worm bites you!
You die... #....._......#PPP #.#.=.)...# ##♣.. ##.#.......#.##PPP #..##.....##.# #PP

#..####.####.# ♣♣P
#......(.....##♣#P
###...##.#(#....#PPP
#.<.....###..####♣P#
#.>@....# ##(...#♣PP
#..w....###()...#PPP
###...##.#.#.##.#P♣.
#...###.##[...#PPP
#..## ####.####P♣#
#.## #.####P # #.#
####..(.# #P #.#
#.......# ## #.#
#.......#


You could see a worm.

Vanquished Creatures
  Ijyb (D:2)
  2 adders (D:2)
  2 worms (D:2)
  2 dart slugs (D:1)
  7 bats
  A giant cockroach (D:2)
  5 goblins (D:2)
  3 hobgoblins (D:1)
  4 jackals (D:2)
  7 kobolds
  4 giant newts
  4 rats
42 creatures vanquished.

Notes
Turn   | Place    | Note
--------------------------------------------------------------
     0 | Abyss:1  | Murumi the Formicid Abyssal Knight began the quest for the Orb.
     0 | Abyss:1  | Reached XP level 1. HP: 18/18 MP: 2/2
    42 | D:1      | Escaped the Abyss
    54 | D:1      | Reached skill level 1 in Dodging
   175 | D:1      | Reached XP level 2. HP: 23/24 MP: 3/3
   227 | D:1      | Reached * piety under Lugonu
   711 | D:1      | Reached skill level 3 in Long Blades
   735 | D:1      | Reached XP level 3. HP: 21/29 MP: 4/4
  1433 | D:2      | Reached XP level 4. HP: 13/35 MP: 5/5
  1696 | D:2      | Noticed Ijyb
  1705 | D:2      | Killed Ijyb
  1705 | D:2      | Reached skill level 4 in Long Blades
  1740 | D:2      | Found a blossoming altar of Fedhas.
  1759 | D:2      | Noticed an oklob plant
  2160 | D:2      | Found a shattered altar of Ashenzari.
  2173 | D:2      | Reached ** piety under Lugonu
  2245 | D:2      | HP: 1/35 [worm (3)]
  2256 | D:2      | Mangled by a worm

Vault maps used:
D:1:      ncdulo_wetmaze, minmay_ruptured
D:2:      old_standard_altar, tgw_fedhas, uniq_iyjb

Skill      XL: |  1  2  3  4 |
---------------+-------------+-----
Dodging        | 1 |  1.2
Long Blades    | 3 4 |  4.2
Fighting       | |  3.2
Armour         | |  2.1
Invocations    | |  2.9

Action                   |  1- 3 |  4- 6 || total
-------------------------+-------+-------++-------
Melee: Falchion          |   126 |    57 ||   183
Invok: Depart the Abyss  |     1 |       ||     1
  Use: Scroll            |     6 |       ||     6
  Eat: Chunk             |     2 |     3 ||     5
Armor: Leather armour    |    30 |    13 ||    43
Dodge: Dodged            |    87 |    23 ||   110
